 Dungeon Sprint DCSS version 0.26-a0-663-g36e8fdb655 (webtiles) character file.

Game seed: 5641996118888746104

48 olmar the Skirmisher (level 5, -22/38 HPs)
             Began as a Gargoyle Fighter on Oct 12, 2020.
             Was an Initiate of Gozag.
             Annihilated by a boulder beetle (39 damage)
             ... in the Dungeon (Sprint VI: "Thunderdome").
             The game lasted 00:02:34 (209 turns).

olmar the Skirmisher (Gargoyle Fighter)              Turns: 209, Time: 00:02:34

Health: -22/38     AC: 11    Str: 20    XL:     5   Next: 46%
Magic:  14/14      EV:  8    Int:  9    God:    Gozag
Gold:   514        SH: 11    Dex: 16    Spells: 4/4 levels left

rFire    . . .     SeeInvis +   a - +0 flail
rCold    + + +     Faith    +   c - +0 kite shield
rNeg     + + +     Spirit   .   b - +0 scale mail
rPois    ∞         Reflect  .   (no helmet)
rElec    +         Harm     .   (no cloak)
rCorr    .         Rampage  .   (no gloves)
MR       +....     NoTele   +   (no boots)
Stlth    ..........             p - amulet of the Snail {Faith +Blink rC+++ rN+++ MR- Dex-5}
HPRegen  0.12/turn              q - ring of Peodar {rF- MR+ Dex+7 SInv}
MPRegen  0.14/turn              r - ring of Ihiliet {rF+ MR+ MP+9 Dex+5}

@: no status effects
A: negative energy resistance 1, electricity resistance, unbreathing,
petrification resistance, rot immunity, AC +4
a: Potion Petition, Call Merchant, Bribe Branch, Renounce Religion, Evoke Blink


You were in the Dungeon.
You worshipped Gozag.
Gozag was pleased with you.
You visited 1 branch You collected 694 gold pieces.
You spent 180 gold pieces at shops.

Inventory:

Hand Weapons
 a - a +0 flail (weapon)
Armour
 b - a +0 scale mail (worn)
 c - a +0 kite shield (worn)
Jewellery
 p - the amulet of the Snail (around neck) {Faith +Blink rC+++ rN+++ MR- Dex-5}
   (You bought it in a shop in the Dungeon)

   [amulet of faith]

   It allows you to gain divine favour quickly.
   It affects your dexterity (-5).
   It renders you almost immune to cold.
   It renders you almost immune to negative energy.
   It affects your resistance to hostile enchantments.
   It lets you blink.
 q - the ring of Peodar (left hand) {rF- MR+ Dex+7 SInv}
   (You bought it in a shop in the Dungeon)

   [ring of see invisible]

   It affects your dexterity (+7).
   It makes you vulnerable to fire.
   It affects your resistance to hostile enchantments.
   It lets you see invisible.
 r - the ring of Ihiliet (right hand) {rF+ MR+ MP+9 Dex+5}
   (You bought it in a shop in the Dungeon)

   [ring of protection from magic]

   It affects your dexterity (+5).
   It protects you from fire.
   It affects your resistance to hostile enchantments.
   It affects your magic capacity (+9).
Wands
 k - a wand of acid (1)
 l - a wand of iceblast (5)
 o - a wand of digging (5)
Scrolls
 j - 4 scrolls of blinking
 m - 3 scrolls of fog
 s - a scroll of remove curse
Potions
 d - a potion of might
 f - 3 potions of heal wounds
 g - 4 potions of haste
 h - 2 potions of magic
 i - a potion of berserk rage
 n - a potion of resistance


   Skills:
 + Level 7.4 Fighting
 + Level 4.7 Maces & Flails
 + Level 6.7 Armour
 + Level 0.4 Dodging
 + Level 6.5 Shields
 + Level 0.3 Evocations


You had 4 spell levels left.
You didn't know any spells.
Your spell library was empty.

Dungeon Overview and Level Annotations

Branches:
Dungeon (1/1)

Altars:
Cheibriados
Dithmenos
Fedhas
Gozag
Kikubaaqudgha
Makhleb
Okawaru
Qazlal
Ru
Sif Muna
Trog
Uskayaw
Vehumet
Wu Jian
Xom
Yredelemnul
Zin
The Shining One
Beogh
Jiyva
Lugonu

Shops:
D *[??*?*:[((!!!!


Innate Abilities, Weirdness & Mutations

You are resistant to torment.
Your stone body is resilient. (AC +4)
You are immune to poison.
You resist negative energy. (rN+)
You are resistant to electric shocks. (rElec)
You can survive without breathing.
You are immune to petrification.
You are immune to rotting.


Message History

The redback bites you.
A boulder beetle comes into view.
The tarantella bites you.
* * * LOW HITPOINT WARNING * * *
The redback bites you.
* * * LOW HITPOINT WARNING * * *
You feel much better. The tarantella bites you!
You are more confused.
The redback bites you but does no damage.
The tarantella bites you!
* * * LOW HITPOINT WARNING * * *
You are more confused.
The redback bites you but does no damage.
The boulder beetle curls into a ball and begins rolling!
Unknown command.
You feel better. You block the tarantella's attack.
The redback barely misses you. The boulder beetle hits you!!!
Ouch! That really hurt!
You die...
Your body crumbles into a pile of gold.

#⌠.....).....⌠#
####.8.........8.######
._.......###......___∩##
.......8.# #.8........∩###
.........###.............##
......###...###..........⌠#
......# #.<.# #..........⌠#
......###...###[.........⌠#
.........###○○○B@........##
.......8.# #.8†ss.....∩###
___......###......_._∩##
####.8.........8.######
#⌠...........⌠#
###.........### #_......._#
#_......._# #_......._#


You could see a boulder beetle, a tarantella and a redback.

Vanquished Creatures
  An ogre (D)
  Terence (D)
  2 worker ants (D)
  An ufetubus (D)
  A bat skeleton (D)
  A giant cockroach (D)
  A goblin (D)
  2 kobolds (D)
10 creatures vanquished.

Notes
Turn   | Place    | Note
-------+----------+-------------------------------------------
     0 | D        | olmar the Gargoyle Fighter began the quest for the Orb.
     0 | D        | Reached XP level 1. HP: 14/14 MP: 1/1
     1 | D        | Found a sacrificial altar of Ru.
     1 | D        | Found a radiant altar of Vehumet.
     2 | D        | Found a shimmering blue altar of Sif Muna.
     2 | D        | Found a glowing silver altar of Zin.
     3 | D        | Found a shimmering altar of Xom.
     3 | D        | Found a bloodstained altar of Trog.
     4 | D        | Found a burning altar of Makhleb.
     4 | D        | Found a viscous altar of Jiyva.
     4 | D        | Found Modduf's Premium Goods.
     4 | D        | Found Ibixue's Weapon Rack.
     5 | D        | Found Acead's Miscellaneous Merchandise.
     5 | D        | Found Wemaed's Basic Armour.
     5 | D        | Round 1.
     7 | D        | Noticed a worker ant
     7 | D        | Found a shadowy altar of Dithmenos.
    10 | D        | Found a snail-covered altar of Cheibriados.
    10 | D        | Found an ornate altar of the Wu Jian Council.
    11 | D        | Found Picomp's Do-It-Yourself Clinic.
    11 | D        | Found a glowing golden altar of the Shining One.
    11 | D        | Found an iron altar of Okawaru.
    11 | D        | Found Kotiff's Distillery.
    11 | D        | Noticed Terence
    15 | D        | Killed a worker ant
    15 | D        | Reached skill level 4 in Fighting
    15 | D        | Reached XP level 2. HP: 20/20 MP: 2/2
    19 | D        | Killed Terence
    19 | D        | Reached skill level 5 in Fighting
    19 | D        | Reached skill level 5 in Armour
    19 | D        | Reached skill level 5 in Shields
    19 | D        | Reached XP level 3. HP: 26/26 MP: 3/3
    20 | D        | Found Fissunudgh's Bottled Wisdom.
    20 | D        | Found Diluamm's Distillery.
    23 | D        | Found a basalt altar of Yredelemnul.
    24 | D        | Found an ancient bone altar of Kikubaaqudgha.
    25 | D        | Found a roughly hewn altar of Beogh.
    26 | D        | Found a stormy altar of Qazlal.
    26 | D        | Found a blossoming altar of Fedhas.
    26 | D        | Found an opulent altar of Gozag.
    26 | D        | Found Jusamn's Staff Store.
    26 | D        | Found Ryxkunn's Magic Scroll Shop.
    27 | D        | Found Tyarch's Must-Have Magic.
    27 | D        | Found Qaulode's Magic Scroll Shop.
    36 | D        | Became a worshipper of Gozag Ym Sagoz the Greedy
    41 | D        | Noticed an ogre
    48 | D        | Killed an ogre
    48 | D        | Arena points: 12 (+12) [x2]
    48 | D        | Reached skill level 7 in Fighting
    48 | D        | Reached XP level 4. HP: 28/34 MP: 4/4
    48 | D        | Reached XP level 5. HP: 31/38 MP: 5/5
    49 | D        | Found a hide-covered altar of Uskayaw.
    73 | D        | Found Livvonu's Jewellery.
    73 | D        | Found Ixkasif's Advanced Armour.
    73 | D        | Found a corrupted altar of Lugonu.
    73 | D        | Found Qeqimn's Identification Station.
    81 | D        | Bought a transparent brass amulet for 45 gold pieces
    81 | D        | Bought a pitted bronze ring for 45 gold pieces
    81 | D        | Bought a sparkling iron ring for 45 gold pieces
   100 | D        | Bought a scroll of remove curse for 45 gold pieces
   109 | D        | Round 2.
   131 | D        | Identified the amulet of the Snail {Faith +Blink rC+++
                  | rN+++ MR- Dex-5} (You bought it in a shop in the Dungeon)
   131 | D        | Identified the ring of Peodar {rF- MR+ Dex+7 SInv} (You
                  | bought it in a shop in the Dungeon)
   135 | D        | Identified the ring of Ihiliet {rF+ MR+ MP+9 Dex+5} (You
                  | bought it in a shop in the Dungeon)
   170 | D        | Arena points: 48 (+36) [x3]
   185 | D        | Round 3.
   198 | D        | Noticed a redback
   202 | D        | Noticed a tarantella
   207 | D        | Noticed a boulder beetle
   209 | D        | Annihilated by a boulder beetle

Illustrated notes

Levels and vault maps discovered:
D:        arena_sprint

Skill      XL: |  1  2  3 |
---------------+----------+-----
Fighting       | 4 5 7 |  7.4
Armour         | 4 5 6 |  6.7
Shields        | 4 5 6 |  6.5
Maces & Flails | 3 4 |  4.7
Dodging        | |  0.4
Evocations     | |  0.3

Action                   |  1- 3 |  4- 6 || total
-------------------------+-------+-------++-------
Melee: Flail             |    16 |    25 ||    41
Evoke: Wand              |     2 |     2 ||     4
  Use: Potion            |       |     2 ||     2
Armor: Scale mail        |     7 |    22 ||    29
Dodge: Dodged            |     1 |    15 ||    16
Block: Kite shield       |     8 |    25 ||    33

Table legend: (Time is in decaauts)
 A = Elapsed time spent in this place.
 B = Non-inter-level travel time spent in this place.
 C = Inter-level travel time spent in this place.
 D = Time resting spent in this place.
 E = Time spent auto-exploring this place.
 F = Levels seen in this place.
 G = Mean time per level.
                   A        B        C        D        E       F      G
               +--------+--------+--------+--------+--------+-----+--------+
         Total |    219 |    208 |     11 |      4 |      0 |   1 |  219.0 |
       Dungeon |    219 |    208 |     11 |      4 |      0 |   1 |  219.0 |
               +--------+--------+--------+--------+--------+-----+--------+

Top non-repeatable levels by time:
       D: 219 daAuts
